 Dungeon Crawl Stone Soup version 0.27.1-1-g398f81649c (webtiles) character file.

Game seed: 1635165749452895142

72 safid the Skirmisher (level 4, 0/40 HPs)
             Began as a Hill Orc Fighter on Sept 19, 2021.
             Succumbed to a goblin's poison
             ... on level 2 of the Dungeon.
             The game lasted 00:02:26 (1574 turns).

safid the Skirmisher (Hill Orc Fighter)             Turns: 1574, Time: 00:02:26

Health: 0/40       AC:  7    Str: 19    XL:     4   Next: 25%
Magic:  4/4        EV:  7    Int:  8    God:
Gold:   40         SH:  9    Dex: 10    Spells: 3/3 levels left

rFire    + . .     SeeInvis .   a - +0 war axe
rCold    . . .     Faith    .   c - +0 kite shield
rNeg     . . .     Spirit   .   b - +0 scale mail
rPois    .         Reflect  .   (no helmet)
rElec    .         Harm     .   (no cloak)
rCorr    .         Rampage  .   (no gloves)
Will     .....                  (no boots)
Stlth    ..........             (no amulet)
HPRegen  0.13/turn              e - ring of protection from fire
MPRegen  0.09/turn              (no ring)

@: lethally poisoned (0 -> -10)
A: no striking features
a: no special abilities


You were on level 2 of the Dungeon.
You visited 1 branch of the dungeon, and saw 2 of its levels.

You collected 40 gold pieces.

Inventory:

Hand Weapons
 a - a +0 war axe (weapon)
Missiles
 h - 38 stones (quivered)
Armour
 b - a +0 scale mail (worn)
 c - a +0 kite shield (worn)
Jewellery
 e - a ring of protection from fire (left hand)
Scrolls
 f - a scroll of magic mapping {unknown}
 g - a scroll of summoning {unknown}
Potions
 d - a potion of might
 i - a potion of magic {unknown}


   Skills:
 + Level 4.1 Fighting
 + Level 3.9 Axes
 + Level 4.0 Armour
 + Level 3.8 Shields


You had 3 spell levels left.
You didn't know any spells.
Your spell library contained the following spells:

 Spells                   Type           Power      Damage    Failure   Level
 Static Discharge         Conj/Air       0%         N/A       100%        2
 Dispel Undead            Necr           0%         3d6       100%        4
 Sticky Flame             Conj/Fire      0%         2d3       100%        4


Dungeon Overview and Level Annotations

Branches:
Dungeon (2/15)

Altars:


Message History

A goblin comes into view. It is wielding a +0 dagger of venom.
The goblin shouts!
The goblin hits you but does no damage.
You are poisoned.
You barely miss the goblin.
You feel very sick.
The goblin hits you with a +0 dagger of venom.
You block the goblin's attack.
You closely miss the goblin.
You feel sick. The goblin hits you but does no damage.
You are more poisoned.
You closely miss the goblin.
You feel very sick. The goblin hits you but does no damage.
You are more poisoned.
You block the goblin's attack.
You barely miss the goblin.
You feel very sick. The goblin closely misses you.
You closely miss the goblin.
You feel very sick. You block the goblin's attack.
The goblin hits you with a +0 dagger of venom.
You are lethally poisoned!
You are too injured to fight recklessly!
You are too injured to fight recklessly!
You are too injured to fight recklessly!
You are too injured to fight recklessly!
You slash the goblin!
You kill the goblin!
* * * LOW HITPOINT WARNING * * *
You feel extremely sick.
Found an escape hatch in the floor.
* * * LOW HITPOINT WARNING * * *
You feel very sick.
Things that are here:
a +0 dagger of venom; a goblin corpse
* * * LOW HITPOINT WARNING * * *
You feel very sick.
You die...

.# #.#..# #.#
#............#
.# #.#..## #.#
############.##
.# #.#...# #.#
#>.# .#
#.#.#.####.####
##.# .#
#.#.#.........#
#.# .#
#.#.######.##.#
#.# ## #.#.#
#[##)# ##.#
#... #.##.#
#.(# .. ..##@#
#.### .. ####.#
#.# # #.#
#######.# # #.#
#..<....# # #.#
#.####### # #>#
#.# # #.#
#.######### #.#
#........##
########...


There were no monsters in sight!

Vanquished Creatures
  An iguana (D:2)
  An adder (D:2)
  2 dart slugs (D:1)
  5 ball pythons
  5 bats (D:1)
  2 endoplasms (D:1)
  6 goblins
  A hobgoblin (D:1)
  3 quokkas
  2 frilled lizards (D:1)
  2 kobolds (D:1)
  3 rats
33 creatures vanquished.

Vanquished Creatures (others)
  A fungus (D:1)
1 creature vanquished.

Grand Total: 34 creatures vanquished

Notes
Turn   | Place    | Note
-------+----------+-------------------------------------------
     0 | D:1      | safid the Hill Orc Fighter began the quest for the Orb.
     0 | D:1      | Reached XP level 1. HP: 19/19 MP: 1/1
   275 | D:1      | Reached XP level 2. HP: 27/27 MP: 2/2
   560 | D:1      | Reached XP level 3. HP: 29/33 MP: 3/3
   594 | D:1      | Found a faded altar of an unknown god.
  1344 | D:2      | Reached XP level 4. HP: 17/40 MP: 4/4
  1573 | D:2      | HP: 2/40 [poisoned by a goblin]
  1574 | D:2      | Succumbed to a goblin's poison

Illustrated notes

Levels and vault maps discovered:
D:1:      dpeg_cavernosity, layout_basic,
          shapermc_ecumenical_altar_mp_ritualfount, minmay_misc_feat_columns
D:2:      layout_loops_ring

Skill      XL: |  1  2  3 |
---------------+----------+-----
Axes           | 3 |  3.9
Fighting       | 4 |  4.1
Armour         | 4 |  4.0
Shields        | |  3.8

Action                   |  1- 3 |  4- 6 || total
-------------------------+-------+-------++-------
Melee: War axe           |    89 |    10 ||    99
Armor: Scale mail        |    39 |     5 ||    44
Dodge: Dodged            |    23 |     1 ||    24
Block: Kite shield       |    58 |     8 ||    66
